 Dungeon Crawl Stone Soup version 0.24.0-13-gcf9b319 (webtiles) character file.

Game seed: 1863063676619806590, levelgen mode: deterministic

95048 Southernist the Peltast (level 15, 0/136 HPs)
             Began as a Minotaur Berserker on Apr 8, 2020.
             Was a High Priest of Trog.
             Slain by an orc knight
             ... wielding a +0 battleaxe
              (11 damage)
             ... on level 12 of the Dungeon on Apr 9, 2020.
             The game lasted 01:05:26 (22133 turns).

Southernist the Peltast (Minotaur Berserker)       Turns: 22133, Time: 01:05:27

Health: 0/136      AC: 19    Str: 26    XL:     15   Next: 65%
Magic:  21/21      EV: 13    Int:  8    God:    Trog [*****.]
Gold:   1320       SH: 13    Dex: 11    Spells: 14/14 levels left

rFire    + . .     SeeInvis .   U - +2 war axe (chop)
rCold    . . .     Gourm    .   F - +3 buckler of Levity {rPois Int+3 Dex-2 Slay+3}
rNeg     . . .     Faith    .   t - +1 plate armour
rPois    +         Spirit   .   (helmet restricted)
rElec    .         Reflect  +   A - scarf {repulsion}
rCorr    +         Harm     .   M - +0 pair of gloves
MR       +....     Clarity  +   r - +0 pair of boots
Stlth    ..........             s - +3 amulet of reflection
HPRegen  0.72/turn              H - ring of resist corrosion
MPRegen  0.17/turn              (no ring)

@: repel missiles
A: retaliatory headbutt, horns 2, clarity, fire resistance 1, regeneration 1,
strong 1
a: Berserk, Trog's Hand, Brothers in Arms, Renounce Religion


You were on level 12 of the Dungeon.
You worshipped Trog.
Trog was extremely pleased with you.
You were not hungry.

You visited 3 branches of the dungeon, and saw 22 of its levels.

You collected 1452 gold pieces.
You spent 132 gold pieces at shops.

Inventory:

Hand Weapons
 w - a +4 flail of draining
 J - a +4 eveningstar of protection
 U - a +2 war axe of chopping (weapon)
Missiles
 i - 560 stones (quivered)
Armour
 r - a +0 pair of boots (worn)
 t - a +1 plate armour (worn)
 A - a scarf of repulsion (worn)
 F - the +3 buckler of Levity (worn) {rPois Int+3 Dex-2 Slay+3}
   (You found it on level 10 of the Dungeon)

   It affects your intelligence (+3).
   It affects your dexterity (-2).
   It affects your accuracy and damage with ranged weapons and melee attacks
   (+3).
   It protects you from poison.
 M - a +0 pair of gloves (worn)
 Q - the +3 plate armour "Vall" {rN+++ Str+8 Int-5}
   (You found it on level 6 of the Lair of Beasts)

   It affects your strength (+8).
   It affects your intelligence (-5).
   It renders you almost immune to negative energy.
Jewellery
 s - a +3 amulet of reflection (around neck)
 H - a ring of resist corrosion (left hand)
Wands
 a - a wand of iceblast (16)
 b - a wand of acid (39)
 h - a wand of polymorph (25)
 x - a wand of random effects (10)
 y - a wand of digging (4)
 B - a wand of flame (55)
 L - a wand of disintegration (31)
 P - a wand of enslavement (2)
Scrolls
 e - 6 scrolls of identify
 f - 4 scrolls of remove curse
 j - 4 scrolls of teleportation
 m - 7 scrolls of immolation
 v - 3 scrolls of enchant weapon
 E - 5 scrolls of magic mapping
 O - 2 scrolls of enchant armour
 R - a scroll of fog
 T - a scroll of fear
Potions
 d - 2 potions of resistance
 g - 3 potions of cancellation
 k - a potion of berserk rage
 l - 6 potions of haste
 o - 3 potions of curing
 q - 9 potions of lignification
 u - 5 potions of brilliance
 z - 4 potions of heal wounds
 G - 3 potions of magic
 K - 5 potions of flight
 N - a potion of might
 S - 2 potions of agility
Miscellaneous
 n - a phial of floods
 I - a fan of gales (inert)
Comestibles
 c - 35 rations


   Skills:
 + Level 13.5 Fighting
 - Level 13.7(14.9) Axes
 + Level 10.2(13.2) Maces & Flails
 - Level 12.0 Armour
 - Level 12.0 Dodging
 - Level 15.0 Shields
 + Level 9.7 Evocations


You had 14 spell levels left.
You didn't know any spells.
Your spell library was empty.

Dungeon Overview and Level Annotations

Branches:
Dungeon (15/15)            Temple (0/1) D:4            Lair (6/6) D:8
  Swamp (0/4) Lair:3       Spider (0/4) Lair:4        Slime (0/5) Lair:5
    Orc (1/2) D:12         Vaults (0/5) D:14         Depths (0/5) D:15

Altars:
Ashenzari
Trog
Yredelemnul
Jiyva

Shops:
D:8 [   D:14 *

Portals:
Trove: D:14 (give 15 potions of curing)

Annotations:
D:4 2 transporters, 8BitCowboy's ghost, amateur FoAr
Lair:2 exclusion: 2 oklob plants


Innate Abilities, Weirdness & Mutations

You reflexively headbutt those who attack you in melee.
You have a pair of horns on your head.
You possess an exceptional clarity of mind.
Your flesh is heat resistant. (rF+)
Your natural rate of healing is unusually fast.
Your muscles are strong. (Str +2)


Message History

You miss the orc warrior.
The orc knight hits you with a +0 battleaxe!
* * * LOW HITPOINT WARNING * * *
The orc warrior hits you but does no damage.
You feel much better.
The orc warrior hits you with a +0 short sword!!
* * * LOW HITPOINT WARNING * * *
The orc knight hits you with a +0 battleaxe.
* * * LOW HITPOINT WARNING * * *
You slash the orc warrior! You headbutt the orc warrior.
The orc warrior is heavily wounded.
You hit the orc knight but do no damage.
The orc warrior hits you with a +0 short sword!
* * * LOW HITPOINT WARNING * * *
You feel less invigorated.
You feel less confused.
Your iron troll goes berserk!
You feel quite a bit more hungry.
The orc knight hits you with a +0 battleaxe!
You die...

.#.....#..#......#....#......#...
.#.....#.........#....#.###..####
.#.....'.........#....'.# #......
.#.....#.........#....#.# #......
.#.....#.........#....#.###......
.#...[)#.........#....#..........
.#...[.#.........#[...#..........
.#..<..........T....###..##......
.#..............@[...............
.######........oo...##...........
.######.............##...........
.#...........>.......#...........
.#...............................
.#..................##..?....###'
.#..................##.......#...
.#..................##.......#...
.##########.....#............#...


You could see an orc knight, an orc warrior and a friendly iron troll (berserk).

Vanquished Creatures
  Rupert (D:12)
  A dire elephant (Lair:4)
  Snorg (Lair:5)
  10 hydras
  4 centaur warriors
  3 catoblepae
  3 two-headed ogres
  2 tengu warriors (D:14)
  5 death yaks (Lair:5)
  Urug (D:12)
  Nergalle (D:12)
  2 skeletal warriors (D:15)
  An iron troll (D:14)
  A wizard (D:14)
  3 unseen horrors
  2 phantasmal warriors
  2 ugly things
  2 orc knights
  2 necromancers
  2 deep elf magi (D:14)
  2 cyclopes
  A frost giant zombie (D:15)
  A manticore (shapeshifter) (D:14)
  5 centaur zombies
  3 manticores
  29 elephants
  2 black mambas
  2 gargoyles (D:14)
  12 spiny frogs
  A rime drake (Lair:5)
  6 komodo dragons
  4 yaktaurs (D:15)
  An efreet (D:15)
  A tengu conjurer (D:13)
  6 trolls
  5 polar bears
  Grinder (D:6)
  3 hornets (Lair:6)
  21 blink frogs
  9 hippogriffs
  2 dream sheep (Lair:6)
  2 deep troll zombies (D:15)
  A spriggan skeleton (D:15)
  2 shadows
  14 spriggans
  2 wraiths
  A wyvern (D:15)
  A centaur simulacrum (D:14)
  3 basilisks
  3 hungry ghosts
  64 yaks
  Menkaure (D:4)
  3 vampire mosquitoes (D:15)
  Edmund (D:4)
  A soldier ant (D:13)
  10 porcupines
  17 water moccasins
  7 ice beasts
  A phantom (D:11)
  An eye of draining (D:15)
  15 orc warriors
  6 black bears
  7 sky beasts
  6 boggarts
  10 ogres
  13 wolves (Lair:6)
  10 crocodiles
  15 centaurs
  A big kobold (D:11)
  29 bullfrogs
  A gnoll sergeant (D:5)
  An earth elemental (D:14)
  A wyvern zombie (D:12)
  2 scorpions
  7 killer bees
  11 wights
  5 howler monkeys
  10 crimson imps
  2 bullfrog zombies
  2 quasits
  8 hounds
  7 jellies
  12 orc priests
  2 bullfrog skeletons
  A gnoll shaman (D:6)
  22 orc wizards
  6 centaur skeletons
  5 iguanas
  8 worker ants
  A hound skeleton (D:7)
  2 worker ant zombies
  13 gnolls
  A river rat (Lair:5)
  7 adders
  2 shadow imps
  An ooze (D:1)
  An adder zombie (D:8)
  2 worms
  3 dart slugs
  10 leopard geckos
  50 orcs
  7 giant cockroaches
  14 goblins
  5 hobgoblins
  9 jackals
  2 quokkas
  4 ball pythons
  8 bats
  7 frilled lizards (D:1)
  A jackal skeleton (D:5)
  18 kobolds
  A leopard gecko skeleton (D:4)
  A quokka skeleton (D:4)
  A quokka zombie (D:5)
  10 rats
  2 plants
  A withered plant (D:15)
710 creatures vanquished.

Vanquished Creatures (collateral kills)
  A black mamba (Lair:6)
  A torpor snail (Lair:6)
  A hornet (Lair:6)
  A spriggan (Lair:6)
  2 boggarts (Lair:6)
  2 wolves (Lair:6)
8 creatures vanquished.

Vanquished Creatures (others)
  A centaur warrior (D:15)
  A tengu warrior (D:15)
  A bullfrog skeleton (D:12)
  A worker ant (D:12)
  2 bushes (Lair:6)
  76 fungi
  37 plants
  6 withered plants (D:15)
125 creatures vanquished.

Grand Total: 843 creatures vanquished

Notes
Turn   | Place    | Note
-------+----------+-------------------------------------------
     0 | D:1      | Southernist the Minotaur Berserker began the quest for the
                  | Orb.
     0 | D:1      | Reached XP level 1. HP: 19/19 MP: 0/0
   187 | D:1      | Reached XP level 2. HP: 24/27 MP: 1/1
   343 | D:1      | Reached XP level 3. HP: 27/33 MP: 2/2
   416 | D:1      | Reached ** piety under Trog
  1409 | D:2      | Reached XP level 4. HP: 27/41 MP: 3/3
  1518 | D:2      | Found a bloodstained altar of Trog.
  2235 | D:3      | Reached *** piety under Trog
  2706 | D:3      | Reached XP level 5. HP: 47/47 MP: 4/4
  2713 | D:3      | Reached skill level 1 in Maces & Flails
  3056 | D:4      | Reached skill level 5 in Fighting
  3056 | D:4      | Reached skill level 5 in Axes
  3217 | D:4      | Found a transporter.
  3217 | D:4      | Noticed 8BitCowboy's ghost (amateur FoAr)
  3249 | D:4      | Noticed an ogre
  3271 | D:4      | Found a transporter.
  3300 | D:4      | Reached XP level 6. HP: 41/56 MP: 5/5
  3437 | D:4      | Noticed Menkaure
  3444 | D:4      | Killed Menkaure
  3654 | D:4      | Reached XP level 7. HP: 61/62 MP: 6/6
  3954 | D:4      | Found a staircase to the Ecumenical Temple.
  4132 | D:4      | Noticed Edmund
  4153 | D:4      | Killed Edmund
  4153 | D:4      | Reached **** piety under Trog
  4370 | D:5      | Entered Level 5 of the Dungeon
  4381 | D:5      | Reached skill level 5 in Armour
  4381 | D:5      | Reached skill level 5 in Dodging
  4775 | D:5      | Reached XP level 8. HP: 16/73 MP: 7/7
  6279 | D:6      | Reached skill level 1 in Shields
  6451 | D:6      | Noticed Grinder
  6464 | D:6      | Gained mutation: Your natural rate of healing is unusually
                  | fast. [potion of mutation]
  6464 | D:6      | Gained mutation: You possess an exceptional clarity of
                  | mind. [potion of mutation]
  6464 | D:6      | Gained mutation: Your flesh is heat resistant. (rF+)
                  | [potion of mutation]
  6464 | D:6      | Gained mutation: Your muscles are strong. (Str +2) [potion
                  | of mutation]
  6570 | D:6      | Paralysed by Grinder for 6 turns
  6578 | D:6      | Killed Grinder
  6578 | D:6      | Reached skill level 2 in Shields
  6578 | D:6      | Reached XP level 9. HP: 63/82 MP: 8/8
  6739 | D:6      | Reached skill level 3 in Shields
  6949 | D:6      | Reached skill level 4 in Shields
  7244 | D:7      | Reached skill level 5 in Shields
  7379 | D:7      | Reached skill level 10 in Axes
  7403 | D:7      | Reached ***** piety under Trog
  7435 | D:7      | Reached XP level 10. HP: 84/90 MP: 9/9
  7634 | D:7      | Reached skill level 6 in Shields
  7699 | D:8      | Found a staircase to the Lair.
  7954 | D:8      | Found Vych's Armour Boutique.
  7962 | D:8      | Bought a scarf of repulsion for 132 gold pieces
  8344 | D:9      | Reached skill level 1 in Evocations
  8415 | D:9      | Reached skill level 7 in Shields
  9586 | D:10     | Entered Level 10 of the Dungeon
  9631 | D:10     | Reached skill level 8 in Shields
  9671 | D:10     | Got a dazzling buckler
  9688 | D:10     | Identified the +3 buckler of Levity {rPois Int+3 Dex-2
                  | Slay+3} (You found it on level 10 of the Dungeon)
 10416 | D:11     | Noticed a five-headed hydra
 10441 | D:10     | Killed a five-headed hydra
 10441 | D:10     | Reached skill level 9 in Shields
 10441 | D:10     | Reached XP level 11. HP: 27/97 MP: 12/12
 10648 | D:11     | Found a basalt altar of Yredelemnul.
 10964 | D:11     | Received a gift from Trog
 11175 | D:12     | Noticed Nergalle
 11183 | D:12     | Found a staircase to the Orcish Mines.
 11194 | D:12     | Killed Nergalle
 11272 | D:12     | Noticed Urug
 11285 | D:12     | Killed Urug
 11285 | D:12     | Reached skill level 10 in Fighting
 11448 | D:12     | Noticed a two-headed ogre
 11460 | D:12     | Killed a two-headed ogre
 11460 | D:12     | Reached skill level 10 in Shields
 11468 | D:12     | Reached ****** piety under Trog
 11614 | D:12     | Noticed Rupert
 11634 | D:12     | Killed Rupert
 11634 | D:12     | Reached XP level 12. HP: 34/106 MP: 14/14
 12363 | Lair:1   | Entered Level 1 of the Lair of Beasts
 12556 | Lair:1   | Noticed a four-headed hydra
 12565 | Lair:1   | Killed a four-headed hydra
 12650 | Lair:1   | Noticed a five-headed hydra
 12660 | Lair:1   | Killed a five-headed hydra
 12660 | Lair:1   | Reached skill level 5 in Evocations
 12851 | Lair:1   | Reached skill level 11 in Shields
 13450 | Lair:2   | Reached skill level 10 in Armour
 13686 | Lair:2   | Noticed a five-headed hydra
 13746 | Lair:2   | Received a gift from Trog
 14408 | Lair:3   | Reached skill level 10 in Dodging
 14432 | Lair:3   | Noticed a six-headed hydra
 14448 | Lair:3   | Killed a six-headed hydra
 14560 | Lair:3   | Found a staircase to the Swamp.
 14728 | Lair:3   | Noticed a seven-headed hydra
 14734 | Lair:3   | Killed a seven-headed hydra
 14734 | Lair:3   | Reached skill level 5 in Maces & Flails
 14734 | Lair:3   | Reached XP level 13. HP: 104/114 MP: 15/15
 15251 | Lair:4   | Reached skill level 12 in Shields
 15612 | Lair:4   | Found a hole to the Spider Nest.
 15642 | Lair:4   | Reached skill level 13 in Shields
 15772 | Lair:4   | Noticed a dire elephant
 16054 | Lair:4   | Killed a dire elephant
 16188 | Lair:5   | Received a gift from Trog
 16332 | Lair:5   | Reached XP level 14. HP: 94/124 MP: 18/18
 16359 | Lair:5   | Found a staircase to the Slime Pits.
 16359 | Lair:5   | Found a viscous altar of Jiyva.
 16489 | Lair:5   | Noticed Snorg
 16501 | Lair:5   | Killed Snorg
 17127 | Lair:6   | Entered Level 6 of the Lair of Beasts
 17768 | Lair:6   | Got a shimmering chain mail
 17769 | Lair:6   | Identified the +2 chain mail "Iwunaoxadgh" {+Fly} (You
                  | found it on level 6 of the Lair of Beasts)
 17949 | Lair:6   | Reached skill level 14 in Shields
 18569 | Lair:6   | Got a citrine-encrusted plate armour
 18570 | Lair:6   | Identified the +3 plate armour "Vall" {rN+++ Str+8 Int-5}
                  | (You found it on level 6 of the Lair of Beasts)
 18866 | D:13     | Received a gift from Trog
 19611 | D:14     | Reached XP level 15. HP: 124/134 MP: 20/20
 19821 | D:14     | Received a gift from Trog
 19850 | D:14     | Found a portal to a secret trove of treasure.
 20023 | D:14     | Found Jeewnuem's Pet Rocks.
 20386 | D:14     | Found a gate to the Vaults.
 20655 | D:15     | Entered Level 15 of the Dungeon
 20816 | D:15     | Found a shattered altar of Ashenzari.
 21174 | D:15     | Found a staircase to the Depths.
 21431 | D:15     | Reached skill level 15 in Shields
 21636 | D:15     | Reached skill level 10 in Maces & Flails
 22088 | Orc:1    | Entered Level 1 of the Orcish Mines
 22093 | Orc:1    | Received a gift from Trog
 22129 | D:12     | HP: 5/136 [orc warrior/+0 short sword (7)]
 22133 | D:12     | Slain by an orc knight

Levels and vault maps discovered:
D:1:      dpeg_arrival_rooms_with_view, layout_basic, serial_bayou,
          serial_bayou_shore_b, serial_bayou_lake_a, serial_bayou_pond_d,
          serial_bayou_shore_a, kennysheep_pointless_box, minmay_lizard_pond
D:2:      layout_basic, bloody_trog, lexackson_kobold_supper
D:3:      layout_basic, first_ration
D:4:      layout_basic, temple_hall, gammafunk_ghost_arena, uniq_edmund,
          uniq_menkaure
D:5:      layout_layer_cave, kennysheep_windowed_goal
D:6:      layout_rooms, uniq_grinder
D:7:      layout_rooms, grunt_ogre_cave
D:8:      layout_loops_cross, lair_entry_dummy, serial_shops, shop
D:9:      layout_layer_cave, onia_ninara_dug_in_and_dangerous
D:10:     layout_cave_pods, grunt_ministairs_7
D:11:     layout_basic, basic_altar, grunt_decor_clamped
D:12:     layout_stronghold, david_orc_3, lemuel_flamethrower_2, uniq_urug,
          uniq_rupert, uniq_nergalle
D:13:     layout_basic
D:14:     layout_loops_corners, david_vaults_4, gauntlet_entry_generic,
          enter_trove_0, guppyfry_shop_earth
D:15:     gammafunk_depths_entry_grave, layout_loops_ring,
          evilmike_ruin_ashenzari, minmay_fractal_squares_gapless_5
Lair:1:   layout_layer_cave, st_stairs_11
Lair:2:   layout_long_grid, minmay_lair_oklob_chamber, infiniplex_staircase_pool
Lair:3:   layout_regular_city, swamp_mist, serial_bayou_shore_b
Lair:4:   mu_elephants_graveyard, layout_long_grid, dummy_spider_entry,
          serial_bayou_shore_b, lemuel_fruit_tree
Lair:5:   layout_roguey, slime_altar_1, pond, grunt_megastairs_4, uniq_snorg
Lair:6:   minmay_lair_end_enchanted_forest, layout_concentric_octagons,
          chequers_serial_rivers_micro_b
Orc:1:    layout_caves, special_room [special_room_orc], mines5_lemuel

Skill      XL: |  1  2  3  4  5  6  7  8  9 10 11 12 13 14 15 |
---------------+----------------------------------------------+-----
Fighting       | 4 5 7 8 9 10 11 12 13 | 13.5
Axes           | 4 5 6 8 10 11 12 13 | 13.7
Dodging        | 3 4 5 6 7 8 10 11 12 | 12.0
Armour         | 3 4 5 6 7 9 10 11 12 | 12.0
Maces & Flails | 1 2 3 5 6 8 10 | 10.2
Shields        | 2 5 9 10 11 13 14 15 | 15.0
Evocations     | 3 4 5 7 8 9 |  9.7

Action                   |  1- 3 |  4- 6 |  7- 9 | 10-12 | 13-15 || total
-------------------------+-------+-------+-------+-------+-------++-------
Melee: Hand axe          |    77 |   148 |    72 |    53 |       ||   350
       Headbutt          |    22 |    44 |    57 |   139 |   271 ||   533
       Dagger            |    28 |    21 |       |       |       ||    49
       Whip              |       |    25 |    38 |       |       ||    63
       Flail             |       |       |   218 |   388 |       ||   606
       War axe           |       |       |       |   171 |   418 ||   589
       Eveningstar       |       |       |       |    54 |   639 ||   693
Throw: Stone             |       |       |     1 |     3 |     5 ||     9
Invok: Trog's Hand       |       |     1 |     4 |     3 |     6 ||    14
       Brothers in Arms  |       |       |       |       |     2 ||     2
Evoke: Wand              |       |       |       |     2 |     2 ||     4
       Fan of gales      |       |       |       |       |     1 ||     1
  Use: Scroll            |     2 |     3 |     9 |    11 |     9 ||    34
       Potion            |       |     1 |     3 |     3 |    11 ||    18
 Stab: Confused          |       |       |       |       |     1 ||     1
  Eat: Chunk             |     2 |     7 |    11 |    11 |    16 ||    47
       Ration            |       |       |     2 |     4 |     4 ||    10
Armor: Animal skin       |     1 |       |       |       |       ||     1
       Leather armour    |    19 |       |       |       |       ||    19
       Scale mail        |    11 |     7 |       |       |       ||    18
       Chain mail        |       |    52 |    46 |       |       ||    98
       Plate armour      |       |       |   140 |   317 |   647 ||  1104
Dodge: Dodged            |    53 |    73 |   125 |   229 |   457 ||   937
       Deflected         |       |       |       |     8 |    19 ||    27
Block: Shield            |       |       |   112 |   104 |       ||   216
       Buckler           |       |       |       |   197 |   701 ||   898
       Reflection        |       |       |       |       |    48 ||    48
